AoeStats
← Sodythaek

Arabia

509391436Analyzed
2v2 RM · 7d ago on Sep 26, 2026· 41m 6s· 4 players
Game mode
Random Map
Map size
Medium (4 player)
Population
200
Speed
Normal
Resources
Standard
Victory
Conquest
Starting age
Dark Age
Ending age
Imperial Age
RankedLock teamsTeams togetherTeam positionsShared explorationLock speedFull tech treeHidden civsTurbo modeCheats
Victory
Defeat
🇫🇷 Danes · France
1291
+17
🇫🇷 Turks · France
1273
+18
🇮🇹 Vietnamese · Italy
1354
-19
🇫🇷 Portuguese · France
1287
-16
Neofix
7:15 Loom
9:44 Feudal Age
12:49 Double-Bit Axe
23:21 Castle Age
21:50 Bloodlines
22:27 Scale Barding Armor
23:19 Gold Mining
23:13 Horse Collar
24:07 Forging
27:10 Chain Barding Armor
27:45 Husbandry
GdR_Salinaro
6:51 Loom
9:52 Feudal Age
10:33 Double-Bit Axe
14:48 Fletching
17:42 Wheelbarrow
19:48 Padded Archer Armor
23:12 Castle Age
21:53 Gold Mining
23:32 Crossbowman
24:17 Thumb Ring
25:40 Bow Saw
25:22 Elite Skirmisher
26:25 Bodkin Arrow
26:45 Leather Archer Armor
27:47 Ballistics
29:39 Horse Collar
32:12 Hand Cart
31:43 Town Watch
33:15 Heavy Plow
39:53 Stone Mining
43:28 Imperial Age
Sodythaek
6:51 Loom
9:12 Feudal Age
10:31 Double-Bit Axe
12:01 Horse Collar
13:58 Forging
22:20 Castle Age
22:07 Scale Mail Armor
23:57 Chain Mail Armor
24:17 Iron Casting
23:34 Gold Mining
23:53 Squires
23:39 Gambesons
24:42 Bow Saw
25:53 Wheelbarrow
40:42 Arson
Guizz
6:54 Loom
9:14 Feudal Age
10:41 Double-Bit Axe
14:16 Horse Collar
20:16 Wheelbarrow
22:44 Castle Age
22:23 Fletching
22:58 Bloodlines
22:49 Padded Archer Armor
23:12 Gold Mining
25:03 Bow Saw
27:01 Husbandry
27:14 Thumb Ring
27:44 Hand Cart
29:14 Scale Barding Armor
29:42 Heavy Plow
31:40 Forging
39:55 Imperial Age
39:27 Stone Mining
39:56 Heavy Camel Rider
41:14 Iron Casting
Connection lost

Rejoining the realm…

Still unreachable

The connection could not be restored.

Session expired

The server has moved on; the page needs a fresh start.